 Dungeon Crawl Stone Soup version 0.20.1-1-g8b1a95d (webtiles) character file.

31 tidbits the Insei (level 2, -1/22 HPs)
             Began as a Demigod Transmuter on Aug 20, 2017.
             Killed by divine providence
             ... invoked by an orc priest
              (14 damage)
             ... on level 3 of the Dungeon.
             The game lasted 00:05:27 (659 turns).

tidbits the Insei (Demigod Transmuter)               Turns: 659, Time: 00:05:28

Health: -1/22      AC:  3    Str: 13    XL:     2   Next: 90%
Magic:  7/7        EV: 12    Int: 17    God:
Gold:   39         SH:  0    Dex: 16    Spells: 1/4 levels left

rFire    . . .     SeeInvis .     - Unarmed
rCold    . . .     Gourm    .   (no shield)
rNeg     . . .     Faith    .   b - +0 robe
rPois    .         Spirit   .   (no helmet)
rElec    .         Reflect  .   (no cloak)
rCorr    .         Harm     .   (no gloves)
MR       .....                  F - +0 pair of boots
Stlth    +.........             (no amulet)
Regen    0.1/turn               (no ring)
MPRegen  0.1/turn               (no ring)

@: no status effects
A: high mp 1
a: no special abilities


You were on level 3 of the Dungeon.
You were not hungry.

You visited 1 branch of the dungeon, and saw 3 of its levels.

You collected 39 gold pieces.

Inventory:

Missiles
 a - 15 arrows
Armour
 b - a +0 robe (worn)
 l - +0 ice dragon scales
 F - a +0 pair of boots (worn)
Scrolls
 e - a scroll of identify {unknown}
 f - a scroll of recharging {unknown}
 g - a scroll of teleportation {unknown}
 i - a scroll of enchant armour {unknown}
 j - a scroll of magic mapping {unknown}
 n - a scroll of fog {unknown}
 r - 2 scrolls of remove curse
Potions
 h - 2 potions of ambrosia {unknown}
 m - a potion of brilliance {unknown}
 p - 2 potions of heal wounds {unknown}
 q - a potion of mutation {unknown}
Books
 c - a book of Changes

   Spells                             Type                      Level
   a - Beastly Appendage              Transmutation                1
   b - Sticks to Snakes               Transmutation                2
   c - Spider Form                    Transmutation/Poison         3
   d - Ice Form                       Ice/Transmutation            4
   e - Blade Hands                    Transmutation                5
Comestibles
 d - a bread ration
 k - a meat ration


   Skills:
 - Level 0.8 Fighting
 - Level 1.7 Dodging
 + Level 3.8 Unarmed Combat
 - Level 1.7 Spellcasting
 - Level 1.7 Transmutations


You had one spell level left.
You knew the following spells:

 Your Spells              Type           Power        Failure   Level  Hunger
e - Beastly Appendage     Tmut           #.....       10%         1    #......
k - Sticks to Snakes      Tmut           #.......     14%         2    ###....


Dungeon Overview and Level Annotations

Branches:
Dungeon (3/15)

Annotations:
D:3 Overlord's ghost, weakling DgTm


Innate Abilities, Weirdness & Mutations

You have an increased reservoir of magic. (+10% MP)


Message History

A frilled lizard comes into view.
The frilled lizard moves out of view.
What are your orders? t - Shout!
Orders for allies: a - Attack new target. r - Retreat! s - Stop attacking. g - Guard the area. f - Follow me.
Anything else - Cancel.
Gang up on whom?
Press: ? - help, Dir - move target cursor, f - worm
Aim: a worm (resting) Attack!
Your ball python bites the frilled lizard.
The frilled lizard dies!
Found a pair of boots.
What are your orders? t - Shout!
Orders for allies: a - Attack new target. p - Attack previous target. r - Retreat! s - Stop attacking. g - Guard the area. f - Follow me.
Anything else - Cancel.
Gang up on whom?
Press: ? - help, Dir - move target cursor, f/p - worm
Aim: a worm Attack!
Your ball python barely misses the worm.
Your ball python grabs the worm.
Your ball python constricts the worm.
Your talons disappear.
Your ball python completely misses the worm.
Your ball python constricts the worm.
The worm misses your ball python.
Your ball python bites the worm.
Your ball python bites the worm but does no damage.
Your ball python constricts the worm.
Your ball python bites the worm.
Your ball python bites the worm.
Your ball python constricts the worm.
Your ball python bites the worm but does no damage.
The worm struggles to escape constriction.
Your ball python bites the worm.
Your ball python constricts the worm.
Your ball python bites the worm.
The worm closely misses your ball python.
Your ball python bites the worm.
Your ball python constricts the worm.
Your ball python bites the worm but does no damage.
Your ball python bites the worm.
Your ball python constricts the worm.
Your ball python bites the worm.
Your ball python bites the worm.
Your ball python constricts the worm.
The worm dies!
Found an escape hatch in the floor.
Found a stone staircase leading up.
You see here a pair of boots.
s - a pair of boots Wear which item? (? for menu, Esc to quit)
You start putting on your armour.
You continue putting on your pair of boots. x4
You finish putting on your +0 pair of boots.
Adjust (i)tems, (s)pells, or (a)bilities?
Adjust which item? (? for menu, Esc to quit)
s - a +0 pair of boots (worn)
Adjust to which letter? (? for menu, Esc to quit)
F - a +0 pair of boots (worn)
Found a stone staircase leading down.
Your ball python withers and dies!
Your ball python withers and dies!
There is a stone staircase leading down here.
You climb downwards.
There is a stone staircase leading up here.
Found 13 gold pieces.
A frilled lizard comes into view.
You see here 13 gold pieces.
You now have 30 gold pieces (gained 13).
Casting: Sticks to Snakes
Confirm with . or Enter, or press ? or * to list all spells.
You grow a pair of large bovine horns.
Casting: Beastly Appendage
Confirm with . or Enter, or press ? or * to list all spells.
You create a snake!
You now have 15 arrows.
Your adder closely misses the frilled lizard.
You hit the frilled lizard.
You kill the frilled lizard!
Your transformation is almost over.
Found 9 gold pieces.
You now have 39 gold pieces (gained 9).
Your horns disappear.
All of the chunks of flesh in your inventory have rotted away.
Found a purple potion.
Your adder withers and dies!
You open the door.
An orc and 2 orc priests come into view.
The orc shouts!
The orc priest shouts!
An orc comes into view. It is wielding a falchion.
You close the door.
An orc priest opens the door.
A kobold comes into view. It is wielding a short sword.
The orc priest begins to cast a cantrip, but forgets the words!
Overlord's ghost (weakling Demigod Transmuter) comes into view.
Overlord's ghost turns its malevolent gaze towards you.
Overlord's ghost swings its fists at you.
There is a stone staircase leading up here.
The orc priest invokes the aid of Beogh against you.
Beogh smites you!
Ouch! That really hurt!
You die...

#.###.#..#..##.# .
..#..#..##.#
##.#..#.o#..#
#.#..#..#W#
###.#....#.o#.#
.............#.#
####....#.##.#.######
##...#.##.#.......
#...#....@..#
#...#######.# ..... #
##...# #...


You could see an orc priest, Overlord's ghost and an orc.

Vanquished Creatures
  A leopard gecko (D:2)
  A giant cockroach (D:1)
  3 goblins (D:1)
  2 hobgoblins
  A kobold (D:1)
  A ball python (D:2)
  A bat (D:1)
  2 frilled lizards
  A rat (D:2)
13 creatures vanquished.

Vanquished Creatures (collateral kills)
  2 adders (D:2)
  A worm (D:2)
  A frilled lizard (D:2)
  3 kobolds (D:1)
  2 rats (D:1)
9 creatures vanquished.

Grand Total: 22 creatures vanquished

Notes
Turn   | Place    | Note
-------+----------+-------------------------------------------
     0 | D:1      | tidbits the Demigod Transmuter began the quest for the Orb.
     0 | D:1      | Reached XP level 1. HP: 15/15 MP: 5/5
   136 | D:1      | Reached skill level 3 in Unarmed Combat
   369 | D:2      | Reached XP level 2. HP: 22/22 MP: 4/7
   373 | D:2      | Learned a level 2 spell: Sticks to Snakes
   373 | D:2      | Found a burning altar of Makhleb.
   377 | D:2      | Found a glowing silver altar of Zin.
   377 | D:2      | Noticed an angel
   377 | D:2      | Noticed a blizzard demon
   658 | D:3      | Noticed Overlord's ghost (weakling DgTm)
   659 | D:3      | Killed from afar by an orc priest

Skill      XL: |  1 |
---------------+----+-----
Unarmed Combat | 3 |  3.8
Fighting       | |  0.8
Dodging        | |  1.7
Spellcasting   | |  1.7
Transmutations | |  1.7

Action                   || total
-------------------------++-------
Melee: Unarmed           ||    44
       Kick              ||     5
       Headbutt          ||     1
       Punch             ||     1
 Cast: Beastly Appendage ||    14
       Sticks to Snakes  ||     6
  Use: Scroll            ||     1
 Stab: Sleeping          ||     1
Armor: Robe              ||     7
Dodge: Dodged            ||    23

Table legend:
 A = Turns spent in this place as a percentage of turns spent in the entire game.
 B = Non-inter-level travel turns spent in this place as a percentage of non-inter-level travel turns spent in the entire game.
 C = Inter-level travel turns spent in this place as a percentage of turns spent in this place.
 D = Turns resting spent in this place as a percentage of non-inter-level travel turns spent in this place.
 E = Turns spent auto-exploring this place as a percentage of non-inter-level travel turns spent in this place.
 F = Non-inter-level travel turns spent in this place divided by the number of levels of this place that you've seen.
                   A       B       C       D       E      F
               +-------+-------+-------+-------+-------+----------------------
         Total | 100.0 | 100.0 |   0.3 |   0.0 |   0.0 | 208.3
       Dungeon | 100.0 | 100.0 |   0.3 |   0.0 |   0.0 | 208.3
               +-------+-------+-------+-------+-------+----------------------

Table legend:
 A = Kills in this place as a percentage of kills in entire the game.
 B = Kills by you in this place as a percentage of kills by you in the entire game.
 C = Kills by friends in this place as a percentage of kills by friends in the entire game.
 D = Other kills in this place as a percentage of other kills in the entire game.
 E = Experience gained in this place as a percentage of experience gained in the entire game.
 F = Experience gained in this place divided by the number of levels of this place that you have seen.
                   A       B       C       D       E      F
               +-------+-------+-------+-------+-------+----------------------
         Total | 100.0 | 100.0 | 100.0 |  -nan | 100.0 |  15.0
       Dungeon | 100.0 | 100.0 | 100.0 |  -nan | 100.0 |  15.0
               +-------+-------+-------+-------+-------+----------------------

Vault maps used:
D:1:      lemuel_arrival_river_bridge, minmay_close_crescents
D:2:      grunt_temple_overflow_order_and_chaos_2
D:3:      marbit_many_paths, okawaru_gym_becter, dancing_weapons_uskayaw
